 Dungeon Crawl Stone Soup version 0.27-a0-1590-g15f6982 (webtiles) character file.

Game seed: 16642939119626418431

3877 Geeful the Schismatic (level 10, -1/79 HPs)
             Began as a Demonspawn Abyssal Knight on July 18, 2021.
             Was an Elder of Lugonu.
             Slain by a red ugly thing (20 damage)
             ... on level 7 of the Dungeon.
             The game lasted 00:32:09 (8344 turns).

Geeful the Schismatic (Demonspawn Abyssal Knight)   Turns: 8344, Time: 00:32:09

Health: -1/79      AC: 10    Str: 16    XL:     10   Next: 0%
Magic:  16/16      EV: 11    Int: 13    God:    Lugonu [****..]
Gold:   293        SH:  0    Dex: 13    Spells: 9/9 levels left

rFire    . . .     SeeInvis .     - Unarmed
rCold    + + .     Faith    .   (no shield)
rNeg     . . .     Spirit   .   d - +1 scale mail
rPois    .         Reflect  .   p - +1 hat
rElec    .         Harm     .   q - +0 cloak
rCorr    .         Rampage  .   (no gloves)
Will     .....                  (no boots)
Stlth    ..........             h - amulet of regeneration
HPRegen  1.23/turn              a - ring of protection from cold
MPRegen  0.15/turn              r - ring of protection from cold

@: about to teleport
A: claws 1, talons 1, icemail 1, condensation shield, demonic magic 1
a: Renounce Religion, Depart the Abyss, Bend Space, Banish, Corrupt


You were on level 7 of the Dungeon.
You worshipped Lugonu.
Lugonu was greatly pleased with you.
You visited 1 branch of the dungeon, and saw 7 of its levels.
You visited the Abyss 1 time.

You collected 293 gold pieces.

Inventory:

Missiles
 i - 62 poisoned darts (quivered)
Armour
 c - a +0 kite shield
 d - a +1 scale mail (worn)
 g - a +0 chain mail
 p - a +1 hat (worn)
 q - a +0 cloak (worn)
 s - a +0 kite shield
Jewellery
 a - a ring of protection from cold (left claw)
 h - an amulet of regeneration (around neck)
 r - a ring of protection from cold (right claw)
Wands
 l - a wand of polymorph (3)
 n - a wand of digging (3)
 t - a wand of paralysis (4)
Scrolls
 f - a scroll of teleportation
 j - a scroll of fog
 k - 2 scrolls of identify
 u - a scroll of immolation {unknown}
Potions
 b - 3 potions of mutation
 e - 2 potions of flight
 m - 2 potions of brilliance {unknown}
 o - a potion of curing


   Skills:
 + Level 7.1 Fighting
 + Level 6.1 Armour
 + Level 5.9 Dodging
 + Level 6.1 Unarmed Combat
 + Level 8.7 Invocations


You had 9 spell levels left.
You didn't know any spells.
Your spell library contained the following spells:

 Spells                   Type           Power      Damage    Failure   Level
 Summon Small Mammal      Summ           0%         N/A       69%         1
 Blink                    Tloc           N/A        N/A       83%         2
 Call Canine Familiar     Summ           0%         N/A       96%         3
 Gell's Gravitas          Tloc           0%         N/A       96%         3
 Lesser Beckoning         Tloc           0%         N/A       96%         3
 Portal Projectile        Hex/Tloc       0%         N/A       96%         3
 Summon Guardian Golem    Hex/Summ       0%         N/A       96%         3
 Teleport Other           Tloc           0%         N/A       96%         3
 Cause Fear               Hex            0%         N/A       100%        4
 Leda's Liquefaction      Hex/Erth       0%         N/A       100%        4
 Olgreb's Toxic Radiance  Pois           0%         N/A       100%        4
 Blade Hands              Tmut           0%         N/A       100%        5
 Bolt of Magma            Conj/Fire/Erth 0%         4d4       100%        5
 Excruciating Wounds      Necr           0%         N/A       100%        5
 Manifold Assault         Tloc           0%         N/A       100%        5
 Statue Form              Tmut/Erth      0%         N/A       100%        6
 Dragon Form              Tmut           0%         N/A       100%        7
 Ozocubu's Refrigeration  Ice            0%         4d5       100%        7
 Storm Form               Tmut/Air       0%         N/A       100%        7
 Ignition                 Fire           0%         3d3       100%        8
 Dragon's Call            Summ           0%         N/A       100%        9


Dungeon Overview and Level Annotations

Branches:
Dungeon (7/15)             Temple (0/1) D:5

Altars:
Dithmenos
Fedhas
Gozag
Okawaru
Qazlal
Ru
Uskayaw
Wu Jian
Zin

Shops:
D:7 (

Annotations:
D:1 exclusion: downstairs
D:2 exclusions: door and downstairs
D:5 exclusion: downstairs


Innate Abilities, Weirdness & Mutations

You have sharp fingernails.
You have sharp toenails.
A meltable icy envelope protects you from harm. (AC +0)
A meltable shield of frost defends you. (SH +0)
Spells you cast may paralyse adjacent enemies.


Message History

The arrow barely misses you.
A bullfrog comes into view.
The centaur shoots an arrow.
The arrow barely misses you.
You hear an angry hiss.
There is a stone staircase leading up here.
Aiming: Paralyse
Press: ? - help, Shift-Dir - straight line, f - red ugly thing
Aim: a red ugly thing (chance to affect: 28%)
The red ugly thing easily resists.
Aiming: Paralyse
Press: ? - help, Shift-Dir - straight line, f/p - red ugly thing
Aim: a red ugly thing (chance to affect: 28%)
The red ugly thing easily resists.
Aiming: Paralyse
Press: ? - help, Shift-Dir - straight line, f/p - red ugly thing
Aim: a red ugly thing (chance to affect: 28%)
The red ugly thing easily resists.
The red ugly thing kicks you.
You are engulfed in flames!
Your icy defenses dissipate!
Aiming: Paralyse
Press: ? - help, Shift-Dir - straight line, f/p - red ugly thing
Aim: a red ugly thing (chance to affect: 28%)
The red ugly thing easily resists.
The red ugly thing closely misses you.
Aiming: Paralyse
Press: ? - help, Shift-Dir - straight line, f/p - red ugly thing
Aim: a red ugly thing (chance to affect: 28%)
The red ugly thing easily resists.
The red ugly thing kicks you!
You are engulfed in flames!
Aiming: Paralyse
Press: ? - help, Shift-Dir - straight line, f/p - red ugly thing
Aim: a red ugly thing (chance to affect: 28%)
The red ugly thing easily resists.
The red ugly thing kicks you.
You are engulfed in flames!
* * * LOW HITPOINT WARNING * * *
Okay, then.
As you read the scroll of teleportation, it crumbles to dust.
You feel strangely unstable. The red ugly thing kicks you!
* * * LOW HITPOINT WARNING * * *
You are engulfed in flames!!
You die...

.##....### #.....#P.#.∩....#
.##.##...### #.....#≈D#......#
....####...#####....####.....##
♣♣..# ##...# ##..........u##
♣♣.######...# #######c####..c.?
♣........### #.# ..#..
♣........# #.####..#
♣........############........
♣♣♣.............@ucZ..<...##....
♣..........################
.Z#.. .........>.# .?##.
##.........# ###########


You could see a red ugly thing, a centaur and a water moccasin skeleton.

Vanquished Creatures
  Pikel (D:5)
  A troll (D:6)
  A hornet (D:7)
  Grinder (D:5)
  Sigmund (D:4)
  Menkaure (D:4)
  Edmund (D:5)
  Duvessa (D:4)
  2 black bears
  A sky beast (D:7)
  An ice beast (D:6)
  3 centaurs
  A phantom (D:4)
  2 lemures (D:4)
  2 bullfrogs (D:7)
  2 wyvern zombies
  A water moccasin zombie (D:7)
  Dowan (D:4)
  5 scorpions
  A water moccasin skeleton (D:5)
  A bullfrog zombie (D:6)
  2 centaur zombies (D:7)
  5 orc priests
  A jelly (D:6)
  3 bullfrog skeletons
  3 hounds
  A centaur skeleton (D:7)
  Ijyb (D:4)
  Terence (D:2)
  2 iguanas (D:6)
  2 orc wizards (D:6)
  A hound zombie (D:5)
  A hound skeleton (D:4)
  A howler monkey skeleton (D:4)
  10 adders
  A gnoll (D:4)
  A shadow imp (D:6)
  An ufetubus (D:5)
  2 worms
  An adder skeleton (D:4)
  3 dart slugs
  33 orcs
  2 ball pythons (D:1)
  4 endoplasms
  4 giant cockroaches
  6 goblins
  4 hobgoblins
  8 jackals (D:3)
  2 quokkas
  5 bats
  3 frilled lizards (D:1)
  11 kobolds
  10 rats
166 creatures vanquished.

Vanquished Creatures (others)
  30 plants (D:5)
30 creatures vanquished.

Grand Total: 196 creatures vanquished

Notes
Turn   | Place    | Note
-------+----------+-------------------------------------------
     0 | Abyss:1  | Geeful the Demonspawn Abyssal Knight began the quest for
                  | the Orb.
     0 | Abyss:1  | Reached XP level 1. HP: 18/18 MP: 2/2
    20 | Abyss:1  | Noticed a small abomination
    65 | Abyss:1  | Noticed a freezing wraith
    90 | Abyss:1  | Noticed a starcursed mass
    95 | D:1      | Escaped the Abyss
   277 | D:1      | Reached skill level 1 in Dodging
   424 | D:1      | Reached * piety under Lugonu
   426 | D:1      | Gained mutation: You have sharp fingernails. [demonic
                  | ancestry]
   426 | D:1      | Reached XP level 2. HP: 19/24 MP: 4/4
  1144 | D:1      | Reached skill level 3 in Invocations
  1144 | D:1      | Reached XP level 3. HP: 27/29 MP: 5/5
  2444 | D:2      | Gained mutation: A meltable shield of frost defends you.
                  | (SH +0) [demonic ancestry]
  2444 | D:2      | Reached XP level 4. HP: 35/35 MP: 6/6
  2833 | D:2      | Noticed Terence
  3347 | D:2      | Gained mutation: You have sharp toenails. [demonic
                  | ancestry]
  3347 | D:2      | Reached XP level 5. HP: 22/42 MP: 7/7
  3686 | D:3      | Found an opulent altar of Gozag.
  3921 | D:2      | Killed Terence
  3996 | D:3      | Found an ornate altar of the Wu Jian Council.
  4069 | D:3      | Found a stormy altar of Qazlal.
  4085 | D:3      | Reached skill level 4 in Invocations
  4399 | D:3      | Reached XP level 6. HP: 48/48 MP: 9/9
  4478 | D:3      | Reached ** piety under Lugonu
  4922 | D:4      | Noticed Duvessa
  4924 | D:4      | Noticed Dowan
  4943 | D:4      | Killed Duvessa
  4944 | D:4      | Reached XP level 7. HP: 29/55 MP: 10/10
  4957 | D:4      | Killed Dowan
  4958 | D:4      | Reached skill level 5 in Invocations
  5190 | D:4      | Noticed Sigmund
  5295 | D:4      | Killed Sigmund
  5429 | D:4      | Noticed Ijyb
  5451 | D:4      | Killed Ijyb
  5527 | D:4      | Found a sacrificial altar of Ru.
  5605 | D:4      | Found a shadowy altar of Dithmenos.
  5736 | D:4      | Found a blossoming altar of Fedhas.
  5801 | D:5      | Entered Level 5 of the Dungeon
  5836 | D:4      | Reached skill level 5 in Fighting
  5848 | D:5      | Identified the +2 pair of gloves of Vime {Harm rCorr Dex-4}
  5849 | D:5      | Noticed Menkaure
  5928 | D:4      | Gained mutation: A meltable icy envelope protects you from
                  | harm. (AC +0) [demonic ancestry]
  5928 | D:4      | Reached XP level 8. HP: 23/62 MP: 12/12
  5980 | D:4      | Killed Menkaure
  5981 | D:4      | Reached skill level 6 in Invocations
  6077 | D:5      | Noticed Grinder
  6087 | D:5      | Killed Grinder
  6088 | D:5      | Noticed Edmund
  6111 | D:5      | Killed Edmund
  6177 | D:5      | Found a staircase to the Ecumenical Temple.
  6207 | D:5      | Reached *** piety under Lugonu
  6496 | D:5      | Noticed Pikel
  6528 | D:5      | Killed Pikel
  6529 | D:5      | Reached skill level 5 in Armour
  6529 | D:5      | Reached skill level 5 in Unarmed Combat
  6529 | D:5      | Reached skill level 7 in Invocations
  6529 | D:5      | Reached XP level 9. HP: 48/69 MP: 14/14
  6919 | D:6      | Noticed a troll
  6945 | D:6      | Killed a troll
  6946 | D:6      | Reached skill level 5 in Dodging
  7414 | D:6      | Found a hide-covered altar of Uskayaw.
  7432 | D:6      | Reached skill level 8 in Invocations
  7780 | D:6      | Found an iron altar of Okawaru.
  8098 | D:7      | Reached **** piety under Lugonu
  8298 | D:7      | Found Ugeq's Hydra Hut.
  8308 | D:7      | Gained mutation: Spells you cast may paralyse adjacent
                  | enemies. [demonic ancestry]
  8308 | D:7      | Reached XP level 10. HP: 70/79 MP: 16/16
  8317 | D:7      | Noticed a five-headed hydra
  8323 | D:7      | Noticed a red ugly thing
  8344 | D:7      | Slain by a red ugly thing

Illustrated notes

Levels and vault maps discovered:
D:1:      minmay_arrival_diagonal_passages, layout_basic, hex_intersection
D:2:      layout_basic, minivault_25, uniq_terence
D:3:      layout_basic, nicolae_wu_jian_wuxing_cycle, mainiacjoe_overflow_paths,
          mainiacjoe_overflow_small_starburst, zin_academy
D:4:      layout_loops_ring, mainiacjoe_overflow_big_doors,
          mainiacjoe_overflow_alcove_4, roderic_lattice_a, uniq_duvessa,
          uniq_sigmund, uniq_ijyb
D:5:      layout_rooms, minmay_temple_entry_antechambers, serial_bayou,
          serial_bayou_pond_e, serial_bayou_pond_c, serial_bayou_pond_a,
          serial_bayou_lake_a, serial_bayou_shore_b, minmay_starry_boxes,
          uniq_grinder, uniq_pikel, uniq_menkaure, uniq_edmund
D:6:      layout_loops_ring, amcnicky_altar_gilded, kennysheep_little_box,
          minivault_27, st_stairs_7, minmay_strange_pillars
D:7:      minmay_inner_zag, layout_rooms, st_stairs_5, kennysheep_donut,
          nrook_campfire, doesnt_shop_hydraphobe

Skill      XL: |  1  2  3  4  5  6  7  8  9 |
---------------+----------------------------+-----
Dodging        | 1 2 3 4 5 |  5.9
Armour         | 2 3 4 5 6 |  6.1
Unarmed Combat | 2 3 4 5 6 |  6.1
Invocations    | 3 4 5 7 8 |  8.7
Fighting       | 4 5 6 7 |  7.1

Action                   |  1- 3 |  4- 6 |  7- 9 | 10-12 || total
-------------------------+-------+-------+-------+-------++-------
Melee: Unarmed           |   128 |   233 |   388 |       ||   749
       Punch             |       |     2 |    12 |       ||    14
       Kick              |       |    40 |   114 |       ||   154
Throw: Dart              |       |    21 |   130 |       ||   151
Invok: Depart the Abyss  |     1 |       |       |       ||     1
Evoke: Wand              |       |       |    11 |     6 ||    17
  Use: Scroll            |     5 |     4 |     2 |     1 ||    12
       Potion            |       |     2 |     4 |       ||     6
Armor: Leather armour    |    13 |       |       |       ||    13
       Scale mail        |    24 |    87 |   232 |       ||   343
       Skin              |       |       |     1 |       ||     1
Dodge: Dodged            |    51 |    88 |   238 |     3 ||   380
Block: Other             |       |    40 |    82 |       ||   122

Table legend: (Time is in decaauts)
 A = Elapsed time spent in this place.
 B = Non-inter-level travel time spent in this place.
 C = Inter-level travel time spent in this place.
 D = Time resting spent in this place.
 E = Time spent auto-exploring this place.
 F = Levels seen in this place.
 G = Mean time per level.
                   A        B        C        D        E       F      G
               +--------+--------+--------+--------+--------+-----+--------+
         Total |   8338 |   7971 |    367 |    344 |   5278 |   8 | 1042.2 |
       Dungeon |   8243 |   7876 |    367 |    344 |   5278 |   7 | 1177.6 |
         Abyss |     95 |     95 |      0 |      0 |      0 |   1 |   95.0 |
               +--------+--------+--------+--------+--------+-----+--------+

Top non-repeatable levels by time:
     D:1: 1850 daAuts
     D:2: 1664 daAuts
     D:4: 1472 daAuts
     D:6: 992 daAuts
     D:5: 953 daAuts
     D:3: 865 daAuts
     D:7: 444 daAuts
 Abyss:1: 95 daAuts
